 Dungeon Crawl Stone Soup version 0.20.1-1-g8b1a95d (webtiles) character file.

11 shivee the Grasshopper (level 2, 0/25 HPs)
             Began as a Ghoul Warper on Oct 28, 2017.
             Slain by a hobgoblin
             ... wielding a cursed -1 club
              (3 damage)
             ... on level 1 of the Dungeon.
             The game lasted 00:08:02 (256 turns).

shivee the Grasshopper (Ghoul Warper)                Turns: 256, Time: 00:08:03

Health: 0/25       AC:  3    Str: 14    XL:     2   Next: 29%
Magic:  4/4        EV: 11    Int:  8    God:
Gold:   28         SH:  0    Dex:  8    Spells: 3/5 levels left

rFire    . . .     SeeInvis .   a - +0 falchion
rCold    + . .     Gourm    .   (no shield)
rNeg     + + +     Faith    .   b - +0 leather armour
rPois    ∞         Spirit   .   (no helmet)
rElec    .         Reflect  .   (no cloak)
rCorr    .         Harm     .   (no gloves)
MR       .....                  (no boots)
Stlth    +.........             (no amulet)
Regen    0.0/turn               (no ring)
MPRegen  0.1/turn               (no ring)

@: rotting
A: rotting body, claws 1, carnivore 3, cold resistance 1, negative energy
resistance 3, inhibited regeneration, torment resistance, unbreathing
a: no special abilities


You were on level 1 of the Dungeon.
You were not hungry.

You visited 1 branch of the dungeon, and saw 1 of its levels.

You collected 28 gold pieces.

Inventory:

Hand Weapons
 a - a +0 falchion (weapon)
 i - a +0 whip
 k - a +0 whip
 l - a +0 club
Missiles
 e - 5 tomahawks of dispersal (quivered)
 h - 10 stones
Armour
 b - a +0 leather armour (worn)
 j - a +0 leather armour
Scrolls
 d - a scroll of blinking
Potions
 g - a potion of agility {unknown}
Books
 c - a book of Spatial Translocations

   Spells                             Type                      Level
   a - Blink                          Translocation                2
   b - Shroud of Golubria             Charms/Translocation         2
   c - Lesser Beckoning               Translocation                3
   d - Gell's Gravitas                Translocation                3
   e - Teleport Other                 Translocation                3
   f - Passage of Golubria            Translocation                4
Comestibles
 f - a meat ration


   Skills:
 + Level 2.3 Fighting
 + Level 2.1 Long Blades
 + Level 0.8 Throwing
 + Level 0.8 Armour
 + Level 1.9 Dodging
 + Level 2.0 Spellcasting
 + Level 2.6 Translocations


You had 3 spell levels left.
You knew the following spells:

 Your Spells              Type           Power        Failure   Level  Hunger
a - Blink                 Tloc           N/A          22%         2    ###....


Dungeon Overview and Level Annotations

Branches:
Dungeon (1/15)

Altars:


Innate Abilities, Weirdness & Mutations

Your body is rotting away.
You thrive on raw meat.
You are immune to poison.
You have sharp fingernails.
You are carnivorous and can eat meat at any time.
Your flesh is cold resistant. (rC+)
You are immune to negative energy. (rN+++)
You do not regenerate when monsters are visible.
You are immune to unholy pain and torment.
You can survive without breathing.


Message History

You hit the gnoll but do no damage. The gnoll barely misses you.
You hit the gnoll.
The gnoll is moderately wounded.
The gnoll barely misses you.
You closely miss the gnoll.
The gnoll is moderately wounded.
The gnoll hits you.
A frilled lizard comes into view.
The frilled lizard hisses angrily.
You hit the gnoll.
The gnoll is severely wounded.
The gnoll hits you.
You closely miss the gnoll.
The gnoll is severely wounded.
The gnoll hits you.
* * * LOW HITPOINT WARNING * * *
The gnoll barely misses you.
Sorry, you're not good enough to have a special ability.
The hobgoblin hits you with a club.
You die...

#..# #..# . #..# #..# .##
#..#####..#
..####.........#
#.##...........#
#.##.#..##..#####
##.######.##.#..#........
........#.##.#...........
...l..†g@.......#...#####
.......g..###########
.......####.........####
......##...............##
..$...#......⌠...⌠......#
....>##...⌠.........⌠...#
.....#.........≈.........
.....#...⌠...........⌠...
#<.....≈.....≈......


You could see a gnoll, a hobgoblin and a frilled lizard.

Vanquished Creatures
  2 leopard geckos (D:1)
  A giant cockroach (D:1)
  A goblin (D:1)
  2 hobgoblins (D:1)
  2 frilled lizards (D:1)
  A rat (D:1)
9 creatures vanquished.

Notes
Turn   | Place    | Note
-------+----------+-------------------------------------------
     0 | D:1      | shivee the Ghoul Warper began the quest for the Orb.
     0 | D:1      | Reached XP level 1. HP: 17/17 MP: 2/2
   177 | D:1      | Reached XP level 2. HP: 6/24 MP: 4/4
   243 | D:1      | Learned a level 2 spell: Blink
   256 | D:1      | Slain by a hobgoblin

Skill      XL: |  1 |
---------------+----+-----
Spellcasting   | 2 |  2.0
Long Blades    | 2 |  2.1
Fighting       | |  2.3
Throwing       | |  0.8
Armour         | |  0.8
Dodging        | |  1.9
Translocations | |  2.6

Action                   || total
-------------------------++-------
Melee: Falchion          ||    34
  Eat: Meat ration       ||     1
       Chunk             ||     2
Armor: Leather armour    ||     9
Dodge: Dodged            ||    15
       Rpst.: Falchion   ||     1
